 Dungeon Crawl Stone Soup version 0.30-a0-852-g08b95dd62f (webtiles) character file.

Game seed: 7077201223074920171

773341 iguanaiguana the Lord of Darkness (level 26, -21/233 HPs)
             Began as an Armataur Earth Elementalist on Mar 2, 2023.
             Was the Champion of Kikubaaqudgha.
             Killed by dispel undead
             ... invoked by an ushabti
              (32 damage)
             ... on level 2 of the Tomb of the Ancients on Mar 4, 2023.
             The game lasted 09:16:36 (20549 turns).

iguanaiguana the Lord of Darkness (AtEE)           Turns: 20549, Time: 09:16:36

Health: -21/233    AC: 38    Str: 17    XL:     26   Next: 41%
Magic:  46/56      EV:  8    Int: 40    God:    Kikubaaqudgha [******]
Gold:   948        SH:  7    Dex:  9    Spells: 2/66 levels left

rFire   + + +      SeeInvis +    J - staff of fire
rCold   + + +      Faith    .    d - +3 buckler {rC+ rF+}
rNeg    + + +      Spirit   .    n - +2 robe {Archmagi}
rPois   ∞          Reflect  .    R - +2 helmet {Int+3}
rElec   +          Roll     +    T - +2 cloak {rCorr}
rCorr   +          Archmagi +    k - +1 pair of gloves of Thoughtfulness {*Corrode Regen+ Dex-2 SInv}
Will    ++...                    P - +4 barding
Stlth   ++++                     g - amulet of magic regeneration
HPRegen 1.38/turn                D - ring of Veodiysk {rPois AC+4 Int+4}
MPRegen 0.75/turn                l - ring of Leqytuul {MP+9 Int+9}

@: brilliant, lich-form, death channelling, resistant, marked, slowed, studying
3 skills, very slow
A: draining attack, torment immunity, no potions, large, rugged brown scales 3,
deformed body, armoured tail, roll, long tongue, awkward tongue, deterioration
2, fire resistance 1, poison resistance
}: 10/15 runes: decaying, slimy, silver, abyssal, demonic, glowing, magical,
fiery, dark, gossamer
a: End Transformation, Renounce Religion, Unearth Wretches, Torment


You were on level 2 of the Tomb of the Ancients.
You worshipped Kikubaaqudgha.
Kikubaaqudgha was exalted by your worship.
You were an undead lich.
You visited 11 branches of the dungeon, and saw 50 of its levels.
You visited Pandemonium 1 time, and saw 14 of its levels.
You visited the Abyss 2 times.
You visited 1 ziggurat, and saw 12 of its levels.
You also visited: Ossuary, Bailey, Gauntlet, Volcano and Wizlab.

You collected 4768 gold pieces.
You spent 3820 gold pieces at shops.

Inventory:

Hand Weapons
 b - the +10 morningstar "Eos" {elec, Halo rElec}
   (You found it on level 11 of a ziggurat)

   Halo:      It grants its wielder a halo, revealing invisible creatures and
   increasing accuracy against all within it other than the wielder.
   rElec:     It insulates you from electricity.
 B - the +6 Majin-Bo {spellvamp, MP+6 Int+6}
   (You found it on level 15 of the Dungeon)

   Int:       It affects your intelligence (+6).
   MP:        It affects your magic capacity (+6).
Missiles
 r - 13 silver javelins
 y - 4 throwing nets
 F - 8 curare-tipped darts
Armour
 d - a +3 buckler of resistance (worn)
 k - the +1 pair of gloves of Thoughtfulness (worn) {*Corrode Regen+ Dex-2 SInv}
   (You found it on level 4 of the Spider Nest)

   Dex:       It affects your dexterity (-2).
   SInv:      It lets you see invisible.
   Regen:     It increases your rate of health regeneration.
   *Corrode:  It may corrode you when you take damage.
 n - a +2 robe of the Archmagi (worn)
 P - a +4 barding (worn)
 R - a +2 helmet of intelligence (worn)
 T - a +2 cloak of preservation (worn)
Magical Staves
 a - a staff of death
 J - a staff of fire (weapon)
Jewellery
 g - an amulet of magic regeneration (around neck)
 h - a ring of protection from fire
 l - the ring of Leqytuul (right hand) {MP+9 Int+9}
   (You took it off a yaktaur on level 12 of the Dungeon)

   [ring of magical power]

   Int:       It affects your intelligence (+9).
   MP:        It affects your magic capacity (+9).
 D - the ring of Veodiysk (left hand) {rPois AC+4 Int+4}
   (You found it on level 14 of the Dungeon)

   [ring of protection]

   AC:        It affects your AC (+4).
   Int:       It affects your intelligence (+4).
   rPois:     It protects you from poison.
 I - an amulet of regeneration
 K - a ring of flight
 Y - a ring of protection from cold
Wands
 w - a wand of paralysis (19)
 C - a wand of digging (11) {@v3}
 M - a wand of roots (41)
 N - a wand of acid (14) {@v1}
Scrolls
 j - 7 scrolls of immolation
 o - 2 scrolls of magic mapping {@r5}
 p - 3 scrolls of vulnerability
 s - 6 scrolls of blinking {@r4}
 t - 9 scrolls of fog
 A - 9 scrolls of teleportation {@r3}
 H - a scroll of butterflies
 V - 4 scrolls of amnesia
 X - 5 scrolls of fear
Potions
 e - 4 potions of resistance {@q5}
 f - a potion of curing {@q1}
 i - 4 potions of lignification
 m - 3 potions of haste {@q4}
 u - 9 potions of mutation
 v - 13 potions of magic
 E - 6 potions of flight
 G - 8 potions of ambrosia
 O - a potion of invisibility
 S - 8 potions of brilliance
 U - a potion of might {@q3}
 W - 4 potions of cancellation
Miscellaneous
 c - a condenser vane (inert)
 q - a tin of tremorstones (1/2)
 x - a box of beasts
 z - a lightning rod (4/4)
 L - a phantom mirror
 Q - a phial of floods


   Skills:
 + Level 14.5 Fighting
 - Level 4.0 Maces & Flails
 - Level 15.0 Armour
 - Level 3.0 Dodging
 - Level 10.0 Stealth
 - Level 4.0 Shields
 - Level 20.5 Spellcasting
 - Level 13.0 Conjurations
 - Level 11.0 Summonings
 - Level 21.4 Necromancy
 - Level 5.5 Translocations
 - Level 12.0 Transmutations
 - Level 4.0 Ice Magic
 - Level 3.0 Air Magic
 - Level 6.0 Earth Magic
 - Level 3.0 Poison Magic
 - Level 8.0 Evocations


You had 2 spell levels left.
You knew the following spells:

 Your Spells              Type           Power      Damage    Failure   Level
a - Haunt                 Necr/Summ      91%        N/A       1%          7
b - Infestation           Necr           98%        N/A       1%          8
c - Iron Shot             Conj/Erth      66%        9d12      2%          6
d - Simulacrum            Ice/Necr       85%        N/A       1%          6
e - Death Channel         Necr           98%        N/A       0%          6
f - Passage of Golubria   Tloc           100%       N/A       1%          4
g - Spellforged Servitor  Conj/Summ      71%        N/A       4%          7
h - Borgnjor's Vile Clut  Necr/Erth      87%        N/A       1%          5
j - Necromutation         Tmut/Necr      91%        N/A       4%          8
k - Blink                 Tloc           100%       N/A       1%          2
v - Passwall              Tmut/Erth      100%       N/A       1%          2
x - Apportation           Tloc           100%       N/A       1%          1
z - Sublimation of Blood  Necr           100%       N/A       0%          2

Your spell library contained the following spells:

 Spells                   Type           Power      Damage    Failure   Level
 Beastly Appendage        Tmut           100%       N/A       0%          1
 Magic Dart               Conj           100%       1d8       0%          1
 Necrotise                Necr           100%       1d9       0%          1
 Summon Small Mammal      Summ           100%       N/A       0%          1
 Call Imp                 Summ           100%       N/A       0%          2
 Searing Ray              Conj           100%       2d8       0%          2
 Sandblast                Erth           100%       2d20      1%          1
 Cigotuvi's Dreadful Rot  Necr/Pois/Air  100%       N/A       1%          2
 Poisonous Vapours        Pois/Air       100%       N/A       1%          2
 Vampiric Draining        Necr           100%       2d13      0%          3
 Animate Dead             Necr           100%       N/A       0%          4
 Agony                    Necr           100%       N/A       0%          5
 Call Canine Familiar     Summ           100%       N/A       1%          3
 Frozen Ramparts          Ice            100%       1d16      1%          3
 Gell's Gravitas          Tloc           100%       N/A       1%          3
 Hailstorm                Conj/Ice       100%       3d20      1%          3
 Mephitic Cloud           Conj/Pois/Air  100%       N/A       1%          3
 Ozocubu's Armour         Ice            100%       N/A       1%          3
 Stone Arrow              Conj/Erth      100%       3d13      1%          3
 Summon Guardian Golem    Hex/Summ       100%       N/A       1%          3
 Teleport Other           Tloc           100%       N/A       1%          3
 Anguish                  Hex/Necr       81%        N/A       1%          4
 Fulminant Prism          Conj/Hex       59%        3d25      1%          4
 Ice Form                 Ice/Tmut       100%       N/A       1%          4
 Iskenderun's Mystic Bla  Conj/Tloc      100%       2d19      1%          4
 Manifold Assault         Tloc           100%       N/A       1%          4
 Petrify                  Tmut/Erth      100%       N/A       1%          4
 Summon Ice Beast         Ice/Summ       100%       N/A       1%          4
 Summon Lightning Spire   Summ/Air       100%       N/A       1%          4
 Alistair's Intoxication  Tmut/Pois      82%        N/A       1%          5
 Fireball                 Conj/Fire      71%        3d27      1%          5
 Freezing Cloud           Conj/Ice/Air   59%        6-21      1%          5
 Iskenderun's Battlesphe  Conj           100%       2d15      1%          5
 Lee's Rapid Deconstruct  Erth           58%        3d27*     1%          5
 Lightning Bolt           Conj/Air       62%        1d86      1%          5
 Summon Forest            Summ/Tloc      63%        N/A       1%          5
 Yara's Violent Unravell  Hex/Tmut       58%        3d22      1%          5
 Borgnjor's Revivificati  Necr           98%        N/A       1%          8
 Tukima's Dance           Hex            75%        N/A       2%          3
 Airstrike                Air            49%        2d(7-23)  2%          4
 Leda's Liquefaction      Hex/Erth       49%        N/A       2%          4
 Statue Form              Tmut/Erth      86%        N/A       2%          6
 Orb of Destruction       Conj           72%        9d17      3%          7
 Conjure Ball Lightning   Conj/Air       62%        3x3d22    4%          6
 Eringya's Noxious Bog    Tmut/Pois      61%        N/A       5%          6
 Summon Hydra             Summ           69%        N/A       7%          7
 Death's Door             Necr           98%        N/A       11%         9
 Malign Gateway           Summ/Tloc      63%        N/A       22%         7
 Storm Form               Tmut/Air       61%        N/A       28%         7
 Summon Horrible Things   Summ           69%        N/A       47%         8
 Enfeeble                 Hex            37%        N/A       99%         7
 Polar Vortex             Ice            52%        N/A       100%        9


Dungeon Overview and Level Annotations

Branches:
Dungeon (15/15) Zot: 26193  Temple (1/1) D:7 Zot: 5874    Lair (5/5) D:11 Zot: 24886
  Swamp (4/4) Lair:2 Zot: 23100  Spider (4/4) Lair:3 Zot: 23471   Slime (5/5) Lair:5 Zot: 26750
    Orc (2/2) D:11 Zot: 11209     Elf (0/3) Orc:2        Vaults (5/5) D:13 Zot: 26127
  Crypt (3/3) Vaults:2 Zot: 17819    Tomb (2/3) Crypt:3 Zot: 11658  Depths (4/4) D:15 Zot: 21865
    Zot (0/5) Depths:4    Ossuary (visited)          Bailey (visited)
Volcano (visited)          WizLab (visited)         Gauntlet (visited)

Altars:
Cheibriados
Dithmenos
Elyvilon
Fedhas
Hepliaklqana
Kikubaaqudgha
Makhleb
Nemelex Xobeh
Okawaru
Qazlal
Sif Muna
Trog
Uskayaw
Vehumet
Zin
The Shining One

Shops:
D:2 *   D:8 [*[   D:12 [   D:15 *=   Orc:2 :=![[   Vaults:3 *   Vaults:5 !!!?
Depths:4 [

Portals:
Hell: Depths:4
Abyss: Depths:3 Depths:4
Pandemonium: Depths:2

Annotations:
D:10 Lodul
D:11 1 exclusion
D:13 Nessos
Swamp:4 2 exclusions


Innate Abilities, Weirdness & Mutations

You are an undead lich.
Your unarmed attacks are suffused with negative energy.
You are immune to unholy pain and torment.
Your necromantic spells are more powerful.
You cannot drink.
You are completely covered in rugged brown scales. (AC +3, +7% HP)
Armour fits poorly on your strangely shaped body.
You have a long armoured tail.
You roll when moving toward enemies. (Rampage)
Your long tongue fully drains potion bottles. (2x potion effects)
Your tongue gives you trouble enunciating. (1.5x scroll delay)
Your body often deteriorates upon taking damage.
Your flesh is heat resistant. (rF+)
Your system is resistant to poisons. (rPois)


Message History

Your spectral spriggan air mage blinks!
The death scarab blinks!
Your spriggan defender simulacrum blinks!
The ushabti blinks! x2
Your spriggan defender simulacrum blinks!
Your spectral spriggan defender blinks!
The mummy blinks!
The death scarab blinks!
Your spriggan defender simulacrum blinks!
Your spectral centaur warrior blinks!
The death scarab blinks!
You blink.
Found a human corpse and a wand of mindburst (5).
The bennu blinks!
The ushabti shakes and rattles deafeningly!
The mummy is struck by lightning.
A slime creature comes into view.
The slime creature quivers.
A five-headed hydra comes into view.
The five-headed hydra roars!
An entropy weaver comes into view.
The entropy weaver shouts!
A yaktaur captain comes into view.
The yaktaur captain shouts!
A spriggan defender comes into view.
The spriggan defender shouts!
Kikubaaqudgha calls piteous wretches from the earth!
You are engulfed in blazing flames.
You resist.
Your spriggan defender simulacrum barely misses the bennu.
The ushabti gestures stiffly at you.
You convulse!
* * * LOW HITPOINT WARNING * * *
Your spriggan defender simulacrum hits the bennu!
Flame seeps out of the bennu.
Your spriggan defender simulacrum freezes the bennu!!
Flame seeps out of the bennu.
Your spriggan defender simulacrum hits the mummy!
The mummy is destroyed!
The ushabti gestures stiffly at you.
You convulse!
You die...
Kikubaaqudgha rasps: "You have failed me!
Welcome... oblivion!"

......^..§.....
.....†.....§.§.
Z....§§.○○...
#....)...)#
#.§§§§.°..#
#..§..†.§.#
#.9.§Zc...#
#.§.†§..Z.#
#..§§○LbZ.#
#...§BJi..#
§.....BD..§..Z.
§§§..°°..§......
.§§....Z.M......
##^..........##.
##....^†../##
##...#...##


You could see a yaktaur captain (paralysed), a bennu (inner flame, ally target),
a five-headed hydra (paralysed), an entropy weaver (paralysed), a spriggan
defender (paralysed), a slime creature (paralysed), an ushabti (catching
breath), a death scarab, a mummy, a friendly spectral spriggan air mage, a
friendly spectral centaur warrior and 3 friendly spriggan defender simulacra.

Vanquished Creatures
  Mnoleg (Pan)
  Khufu (Tomb:1)
  An ancient lich (Zig:7)
  2 juggernauts
  3 royal mummies (Tomb:2)
  A pandemonium lord (Zig:5)
  Boris (Depths:2)
  Margery (Vaults:3)
  A bone dragon (Depths:4)
  A hellephant (Zig:8)
  A tentacled monstrosity (Depths:2)
  Jorgrun (Swamp:1)
  Rupert (D:12)
  4 Hell Sentinels (Pan)
  4 liches
  A searing wretch (Zig:8)
  A sphinx (Zig:7)
  An ancient champion (Tomb:1)
  4 Executioners (Pan)
  A storm dragon (Vaults:5)
  Donald (Vaults:4)
  Roxanne (Swamp:1)
  2 tengu reavers
  A daeva (Depths:3)
  3 shadow dragons
  4 fire giants
  A demonspawn warmonger (Pan)
  An emperor scorpion (Spider:4)
  3 frost giants
  An azure jelly (Slime:2)
  A ghost moth (shapeshifter) (D:15)
  3 vault wardens
  An iron dragon (Vaults:5)
  10 balrugs
  An angel (Depths:3)
  A ghost moth (Zig:6)
  4 cacodemons (Pan)
  11 very ugly things
  A demonspawn corrupter (Pan)
  A demonspawn blood saint (Pan)
  A reaper (Pan)
  8 stone giants
  A deep elf annihilator (Vaults:5)
  A bunyip (Swamp:2)
  A vampire knight (Crypt:3)
  A lorocyproca (Pan)
  A minotaur (Gauntlet)
  A demonspawn black sun (Pan)
  3 dire elephants (Vaults:3)
  A deep elf death mage (Pan)
  2 ettins
  A blizzard demon (Pan)
  A green death (Swamp:4)
  2 mummy priests (Tomb:2)
  6 fire dragons
  A deep elf high priest (Vaults:5)
  A great orb of eyes (Vaults:3)
  2 yaktaur captains (Vaults:3)
  4 ice dragons
  A ghost crab (Swamp:2)
  4 ogre magi
  3 rakshasas
  5 hydras
  A vault guard (Vaults:5)
  3 catoblepae
  2 salamander tyrants (Zig:11)
  An ironbound frostheart (Vaults:3)
  3 spriggan air magi
  5 centaur warriors
  3 alligators
  A radroach (Spider:4)
  2 boulder beetles
  4 death scarabs (Tomb:1)
  3 two-headed ogres
  A tengu warrior (D:15)
  A deep troll shaman (Depths:2)
  4 deep troll earth magi
  4 spriggan berserkers
  7 death yaks
  A naga warrior (Zig:11)
  2 thrashing horrors
  An orc high priest (Zig:9)
  7 sun demons (Pan)
  4 hell knights
  4 soul eaters (Pan)
  A shock serpent (Pan)
  A deep elf knight (Tomb:1)
  3 skeletal warriors
  3 goliath frogs
  3 iron trolls
  A shadow wraith (Pan)
  A shadow demon (Pan)
  A fire crab (Volcano)
  A glowing orange brain (Abyss:3)
  2 steelbarb worms (Spider:2)
  6 deep trolls
  2 orb spiders
  2 bog bodies
  A swamp dragon (Swamp:2)
  3 necromancers
  A wizard (Vaults:3)
  2 lindwurms
  A deep elf pyromancer (D:15)
  4 orc knights
  4 wolf spiders
  An ironbound convoker (Vaults:4)
  9 ugly things
  A manticore (D:12)
  11 orc sorcerers
  A will-o-the-wisp (Swamp:1)
  3 cyclopes
  Maurice (D:8)
  A moth of wrath (D:14)
  3 large abominations
  4 elephants
  2 vault sentinels
  2 demonic crawlers
  A guardian serpent (Zig:11)
  A black mamba (shapeshifter) (D:12)
  2 black mambas (Lair:5)
  An orange demon (Swamp:4)
  3 cane toads
  3 torpor snails
  A gargoyle (D:11)
  5 rime drakes
  2 kobold demonologists (D:9)
  2 yaktaurs
  An efreet (Gauntlet)
  2 tormentors (Pan)
  A tengu conjurer (Depths:1)
  3 guardian mummies
  5 komodo dragons
  An ancient zyme (Abyss:5)
  A queen bee (Lair:4)
  7 trolls
  2 tarantellas (Spider:4)
  4 meliai
  A bloated husk (Swamp:1)
  2 hellwings (Pan)
  3 hornets
  4 tyrant leeches
  2 polar bears (Lair:5)
  A jumping spider (shapeshifter) (Zig:7)
  2 culicivoras
  6 slime creatures
  3 flying skulls (Abyss:2)
  3 shadows
  4 spriggans
  A centaur simulacrum (D:13)
  A wyvern (D:7)
  10 humans (D:12)
  2 ushabtiu (Tomb:2)
  2 ynoxinuls (Pan)
  A fire elemental (Gauntlet)
  Grum (D:11)
  A nameless horror (Lair:5)
  3 fire bats (Lair:2)
  2 wraiths
  34 yaks
  2 steam dragons
  6 basilisks
  5 redbacks
  A golden eye (Slime:2)
  6 vampire mosquitoes
  A neqoxec (Pan)
  2 chaos spawn
  6 wargs
  Edmund (D:5)
  An acid dragon (D:14)
  A swamp worm (shapeshifter) (Depths:2)
  9 swamp worms
  10 water moccasins
  6 hell hounds
  3 swamp drakes (Lair:5)
  A sky beast (D:7)
  A swamp drake (shapeshifter) (D:15)
  An ice beast (D:6)
  13 ogres
  23 orc warriors
  14 wolves
  5 centaurs
  Blork the orc (D:5)
  7 bullfrogs
  5 kobold brigands
  A rime drake skeleton (Crypt:3)
  13 gnoll sergeants
  7 scorpions
  5 water moccasin zombies (Ossuary)
  5 wights (D:8)
  21 killer bees
  An electric eel (Lair:2)
  7 howler monkeys
  9 gnoll boudas
  5 hounds
  13 orc priests
  3 iguanas
  22 orc wizards
  8 mummies
  30 gnolls
  6 adders
  A shadow imp (D:7)
  2 ufetubi (D:5)
  5 adder zombies (Ossuary)
  A worm (D:3)
  36 orcs
  2 endoplasms
  4 giant cockroaches
  5 gnoll zombies (Ossuary)
  5 hobgoblins
  18 kobolds
  2 quokkas
  3 ball pythons
  6 bats
  4 frilled lizards
  A goblin zombie (D:4)
  7 hobgoblin zombies (Ossuary)
  4 kobold zombies (Ossuary)
  10 orc zombies (Ossuary)
  2 rats
  A rat zombie (D:4)
825 creatures vanquished.

Vanquished Creatures (collateral kills)
  the Royal Jelly (Slime:5)
  Gloorx Vloq (Pan)
  Lom Lobon (Pan)
  2 dread liches
  3 ancient liches
  2 juggernauts
  3 royal mummies
  Boris (Vaults:3)
  A Killer Klown (Zig:2)
  A caustic shrike (Depths:3)
  Nikola (Swamp:4)
  5 golden dragons
  A profane servitor (Abyss:5)
  2 Brimstone Fiends (Pan)
  A hellephant (Zig:8)
  2 pandemonium lords (Pan)
  An iron giant (Zig:4)
  3 Hell Sentinels
  7 tentacled monstrosities
  10 titans
  A quicksilver dragon (Vaults:5)
  A walking frostbound tome (Depths:3)
  8 Executioners (Pan)
  An ancient champion (Tomb:1)
  12 acid blobs
  4 tengu reavers
  2 shadow dragons
  2 storm dragons
  A storm dragon (shapeshifter) (Vaults:5)
  15 sphinxes
  8 rockslimes
  The ghost of Bialiabluu the Warrior, an adept GrEE of Gozag (D:15)
  The ghost of Ceh Rif the Protected, an adept HuWn of Gozag (D:15)
  6 azure jellies
  2 deep elf sorcerers (Vaults:5)
  An iron dragon (Depths:3)
  A revenant (Tomb:1)
  The ghost of Tunif the Eclecticist, an adept DEFE of Vehumet (D:15)
  3 fire giants
  A fire giant (shapeshifter) (Depths:2)
  A daeva (Depths:3)
  3 nagarajas
  Louise (D:15)
  A demonspawn warmonger (Pan)
  5 emperor scorpions
  6 frost giants
  A draconian scorcher (Depths:4)
  5 ghost moths
  10 balrugs
  A curse skull (Pan)
  An orc warlord (Zig:9)
  3 quicksilver oozes
  9 cacodemons
  4 demonspawn corrupters
  10 vault wardens
  3 ironbound preservers
  3 draconian annihilators (Pan)
  15 very ugly things
  The ghost of Cofimnas the Cleaver, a journeyman FoFi of Okawaru (D:14)
  A broodmother (Spider:4)
  6 ironbound thunderhulks
  3 reapers (Pan)
  2 war gargoyles
  The ghost of Aqenwou the Unseen, a journeyman GrWn of Dithmenos (D:15)
  The ghost of Aqenwou the Unseen, a journeyman GrWn of Dithmenos (D:15)
  The ghost of Foxy the Unseen, a journeyman KoGl of Dithmenos (Lair:5)
  The ghost of Jumeycle the Earth Mage, a journeyman GrEE of Vehumet (D:15)
  8 stone giants
  An eleionoma (Swamp:2)
  3 deep elf demonologists
  4 vampire knights
  2 dire elephants
  A green draconian (Depths:4)
  3 deep elf annihilators (Pan)
  A black draconian (Depths:4)
  A white draconian (Depths:4)
  A yellow draconian (Depths:4)
  2 bennus (Tomb:1)
  4 deep elf death magi (Vaults:5)
  2 bunyips (Swamp:1)
  6 ettins
  4 blizzard demons (Pan)
  2 crystal guardians (Vaults:3)
  An iron golem (Zig:4)
  The ghost of Guh Rysug the Carver, a journeyman DsGl of Okawaru (D:15)
  2 green deaths (Pan)
  3 deep elf high priests
  2 entropy weavers
  4 fire dragons
  3 mummy priests
  3 spriggan air magi
  4 great orbs of eyes
  4 ice dragons
  2 rakshasas
  3 salamander tyrants
  11 yaktaur captains
  13 hydras
  2 hell beasts
  24 vault guards (Vaults:5)
  3 ironbound frosthearts (Vaults:3)
  2 peacekeepers (Vaults:3)
  A death knight (Crypt:1)
  A spriggan skeleton (Pan)
  8 centaur warriors
  The ghost of Keluf the Fighter, a journeyman GrFi of the Shining One (D:15)
  A boulder beetle (Spider:4)
  3 naga warriors (Zig:11)
  A radroach (Spider:4)
  4 alligators
  A two-headed ogre (Zig:9)
  A satyr (shapeshifter) (Zig:7)
  6 tengu warriors
  3 thrashing horrors
  4 death yaks (Lair:5)
  5 deep troll shamans
  4 shock serpents
  4 hell hogs
  A death scarab (Tomb:1)
  4 deep troll earth magi
  4 spriggan berserkers
  10 soul eaters
  26 sun demons
  3 salamander mystics
  A shock serpent (shapeshifter) (Zig:10)
  A titan skeleton (Pan)
  2 pharaoh ants
  A sun moth (Spider:4)
  2 goliath frogs
  9 skeletal warriors
  3 shadow wraiths (Pan)
  9 iron trolls
  7 sixfirhies (Pan)
  12 hell knights
  A spriggan druid (Swamp:4)
  11 large abominations
  3 flayed ghosts
  4 glowing orange brains
  3 shadow demons (Pan)
  20 deep trolls
  2 swamp dragons
  4 orb spiders
  3 phantasmal warriors (Vaults:5)
  3 bog bodies
  2 steelbarb worms
  6 harpies
  8 orc knights
  9 ironbound convokers
  8 lindwurms
  A steelbarb worm (shapeshifter) (Zig:10)
  A bunyip skeleton (Pan)
  An anaconda skeleton (Tomb:2)
  4 necromancers
  4 wizards
  21 ugly things
  3 orc sorcerers
  A mana viper (Zig:11)
  A deep elf pyromancer (D:15)
  10 wolf spiders
  2 will-o-the-wisps
  3 shining eyes
  3 cyclopes
  8 salamanders
  5 moths of wrath
  3 elephants (Lair:2)
  6 black mambas (Zig:11)
  4 guardian serpents
  5 demonic crawlers
  A naga mage (Zig:11)
  5 eyes of devastation
  An ice statue (D:15)
  A stone giant skeleton (Pan)
  21 smoke demons
  14 vault sentinels
  2 cane toads (Lair:5)
  7 orange demons (Pan)
  2 unseen horrors (Pan)
  A steelbarb worm zombie (Crypt:3)
  A hellion (Zig:8)
  20 yaktaurs
  3 efreet (Pan)
  2 freezing wraiths
  An ice devil (Pan)
  A minotaur zombie (Crypt:1)
  2 tengu conjurers
  4 tormentors
  A yaktaur (shapeshifter) (Zig:10)
  2 guardian mummies (Tomb:1)
  A troll (Vaults:3)
  An ancient zyme (Abyss:2)
  6 tyrant leeches
  8 hellwings (Pan)
  6 meliai
  A polar bear (D:12)
  2 red devils (Pan)
  A merfolk (shapeshifter) (Zig:10)
  2 hornets (Depths:3)
  6 tarantellas
  A mana viper skeleton (Crypt:1)
  A moth of wrath zombie (Crypt:3)
  A raiju (Abyss:5)
  A tyrant leech (shapeshifter) (Vaults:5)
  A nameless horror (Depths:3)
  A snapping turtle (shapeshifter) (Vaults:5)
  A slime creature (shapeshifter) (Abyss:3)
  An ettin zombie (Tomb:1)
  37 slime creatures
  6 culicivoras
  A flying skull (Abyss:2)
  7 jumping spiders
  3 spriggans
  4 shadows
  2 ushabtiu (Tomb:1)
  A wraith (Crypt:1)
  A centaur simulacrum (D:15)
  A human (shapeshifter) (Vaults:5)
  A fire elemental (Depths:4)
  6 humans (D:12)
  3 yaks
  6 ynoxinuls
  A steam dragon (Lair:5)
  A water elemental (Depths:1)
  27 redbacks
  5 golden eyes
  14 neqoxecs
  A redback (shapeshifter) (Zig:2)
  2 vampire mosquitoes
  2 basilisks
  8 chaos spawn
  A naga (Zig:1)
  6 swamp worms
  5 floating eyes
  A water moccasin (Lair:5)
  9 orc warriors
  An ice beast (D:12)
  A small abomination (Swamp:4)
  3 centaurs (D:15)
  3 wolves (Lair:1)
  4 ogres
  A bullfrog (Lair:1)
  A gnoll sergeant (D:11)
  8 killer bees (Lair:4)
  An electric eel (Spider:4)
  A yak skeleton (Crypt:1)
  4 crimson imps (Pan)
  A quasit (Abyss:2)
  A jelly (Abyss:5)
  6 orc priests
  8 orc wizards
  17 mummies
  3 gnolls
  15 orcs
  A bat (D:14)
  A fire vortex (Pan)
1045 creatures vanquished.

Vanquished Creatures (others)
  2 juggernauts
  A lich (Depths:4)
  2 titans
  5 acid blobs
  An eldritch tentacle (Pan)
  5 tengu reavers
  A fenstrider witch (Tomb:1)
  6 fire giants
  2 emperor scorpions
  4 frost giants
  3 azure jellies
  2 rockslimes
  A ghost moth (Spider:4)
  5 vault wardens
  3 ironbound preservers
  2 spriggan defenders (Tomb:2)
  10 stone giants
  2 quicksilver oozes
  An orc warlord (Orc:1)
  A demonspawn black sun (Abyss:4)
  A dire elephant (Tomb:2)
  2 spark wasps (Zig:12)
  8 ettins
  7 fire dragons
  5 ice dragons
  2 jorogumos
  An ironbound frostheart (Vaults:3)
  3 spriggan air magi
  2 centaur warriors
  2 radroaches
  2 spriggan berserkers
  5 deep troll earth magi
  3 deep troll shamans
  3 tengu warriors
  2 steelbarb worms
  3 ironbound convokers
  2 wizards
  2 necromancers
  A harpy (Tomb:2)
  2 wolf spiders
  2 vault sentinels
  A large abomination (Pan)
  A komodo dragon (D:14)
  4 tengu conjurers
  A meliai (shapeshifter) (D:15)
  A tarantella (Spider:3)
  11 slime creatures
  2 redbacks
  A steam dragon (D:14)
  A centaur (D:15)
  A killer bee (D:14)
  An orc (D:6)
  A hobgoblin (D:14)
  14 ball lightnings (Pan)
  5 blocks of ice (Pan)
  12 demonic plants (Gauntlet)
  4 fire vortices (Pan)
  15 foxfires
  13 fungi
  26 plants
  2 starspawn tentacles (Abyss:4)
  2 withered plants (Lair:5)
238 creatures vanquished.

Grand Total: 2108 creatures vanquished

Notes
Turn   | Place    | Note
-------+----------+-------------------------------------------
     0 | D:1      | iguanaiguana the Armataur Earth Elementalist began the
                  | quest for the Orb.
     0 | D:1      | Reached XP level 1. HP: 14/14 MP: 3/3
   115 | D:1      | Reached XP level 2. HP: 16/21 MP: 1/4
   285 | D:2      | Found Ysokk's Assorted Antiques.
   291 | D:2      | Reached XP level 3. HP: 22/27 MP: 2/5
   386 | D:2      | Learned a level 2 spell: Passwall
   389 | D:2      | Learned a level 2 spell: Poisonous Vapours
   434 | D:2      | Bought a golden potion for 29 gold pieces
   481 | D:2      | Upgraded the game from 0.30-a0-840-ga523dec638 to
                  | 0.30-a0-845-g7c6808c8ce
   783 | D:4      | Reached XP level 4. HP: 35/35 MP: 4/6
   796 | D:4      | Reached skill level 1 in Air Magic
   796 | D:4      | Reached skill level 1 in Poison Magic
   873 | D:4      | Noticed a scorpion
   878 | D:4      | Killed a scorpion
   879 | D:4      | Reached XP level 5. HP: 40/40 MP: 0/7
   901 | D:4      | Gained mutation: You are frail. (-10% HP) [potion of
                  | mutation]
   901 | D:4      | Gained mutation: You are occasionally teleported next to
                  | monsters. [potion of mutation]
   901 | D:4      | Gained mutation: Your tail ends in a venomous barb. [potion
                  | of mutation]
   901 | D:4      | Lost mutation: You are occasionally teleported next to
                  | monsters. [potion of mutation]
   901 | D:4      | Gained mutation: You possess an exceptional clarity of
                  | mind. [potion of mutation]
   902 | D:4      | Lost mutation: Your tail ends in a venomous barb. [potion
                  | of mutation]
   902 | D:4      | Lost mutation: You are frail. (-10% HP) [potion of
                  | mutation]
   902 | D:4      | Lost mutation: You possess an exceptional clarity of mind.
                  | [potion of mutation]
   902 | D:4      | Gained mutation: You expend magic power (3 MP) to
                  | strengthen your wands. [potion of mutation]
   902 | D:4      | Gained mutation: Your body sometimes deteriorates upon
                  | taking damage. [potion of mutation]
   902 | D:4      | Gained mutation: You have sharp toenails. [potion of
                  | mutation]
   902 | D:4      | Gained mutation: You have razor-sharp toenails. [potion of
                  | mutation]
   902 | D:4      | Gained mutation: Your mind is acute. (Int +4, Str/Dex -1)
                  | [potion of mutation]
   902 | D:4      | Gained mutation: You are covered in fur. (AC +1) [potion of
                  | mutation]
   968 | D:4      | Found a sand-covered staircase.
   976 | Ossuary  | Entered an ossuary
  1042 | Ossuary  | Reached XP level 6. HP: 48/48 MP: 2/8
  1130 | Ossuary  | Learned a level 3 spell: Stone Arrow
  1202 | Ossuary  | Reached XP level 7. HP: 53/53 MP: 5/11
  1206 | Ossuary  | Learned a level 3 spell: Mephitic Cloud
  1408 | D:4      | Reached skill level 1 in Fighting
  1456 | D:5      | Entered Level 5 of the Dungeon
  1489 | D:5      | Found an iron altar of Okawaru.
  1529 | D:5      | Noticed Edmund
  1534 | D:5      | Noticed Blork the orc
  1535 | D:5      | Killed Edmund
  1547 | D:5      | Killed Blork the orc
  1906 | D:5      | Reached XP level 8. HP: 51/70 MP: 9/12
  2094 | D:6      | Reached skill level 5 in Conjurations
  2094 | D:6      | Reached skill level 1 in Shields
  2263 | D:6      | Noticed a skeletal warrior
  2526 | D:7      | Identified the +5 whip "Tumm" {venom, rC+}
  2574 | D:7      | Found a staircase to the Ecumenical Temple.
  2580 | Temple   | Entered the Ecumenical Temple
  2678 | Temple   | Became a worshipper of Kikubaaqudgha
  2780 | D:7      | Found a hazy altar of Hepliaklqana.
  2785 | D:7      | Found a flagged portal.
  2794 | Bailey   | Entered a bailey
  2805 | Bailey   | Reached XP level 9. HP: 75/78 MP: 9/13
  2813 | Bailey   | Reached skill level 1 in Maces & Flails
  2970 | Bailey   | Reached skill level 5 in Fighting
  3152 | Bailey   | Reached * piety under Kikubaaqudgha
  3152 | Bailey   | Received a gift from Kikubaaqudgha
  3193 | Bailey   | Reached skill level 1 in Necromancy
  3205 | Bailey   | Learned a level 3 spell: Vampiric Draining
  3255 | Bailey   | Reached skill level 2 in Necromancy
  3478 | D:7      | Reached skill level 3 in Necromancy
  3531 | D:7      | Found a white marble altar of Elyvilon.
  3688 | D:8      | Noticed Maurice
  3701 | D:8      | Killed Maurice
  3702 | D:8      | Reached XP level 10. HP: 89/89 MP: 9/15
  3749 | D:8      | Found a hide-covered altar of Uskayaw.
  3763 | D:8      | Found Kan Xit's Armour Shop.
  3773 | D:8      | Reached skill level 4 in Necromancy
  3776 | D:8      | Learned a level 2 spell: Sublimation of Blood
  3787 | D:8      | Found a stormy altar of Qazlal.
  3912 | D:8      | Found Ybefeff's Armour Shoppe.
  4019 | D:8      | Found Hoipt's Assorted Antiques.
  4027 | D:8      | Bought a fuming coppery potion for 26 gold pieces
  4027 | D:8      | Bought a runed robe for 107 gold pieces
  4027 | D:8      | Bought a scroll of teleportation for 87 gold pieces
  4027 | D:8      | Bought a blackened glass wand for 116 gold pieces
  4065 | D:9      | Noticed a sixfirhy
  4080 | D:9      | Reached skill level 5 in Necromancy
  4107 | D:9      | Reached ** piety under Kikubaaqudgha
  4213 | D:9      | Reached skill level 6 in Necromancy
  4367 | D:9      | Reached skill level 7 in Necromancy
  4404 | D:10     | Entered Level 10 of the Dungeon
  4497 | D:11     | Noticed Grum
  4512 | D:11     | Reached skill level 8 in Necromancy
  4524 | D:11     | Killed Grum
  4573 | D:11     | Noticed Lodul
  4623 | D:11     | Noticed a two-headed ogre
  4632 | D:11     | Killed a two-headed ogre
  4633 | D:11     | Reached XP level 11. HP: 95/96 MP: 10/17
  4676 | D:11     | Reached skill level 9 in Necromancy
  4686 | D:11     | Reached *** piety under Kikubaaqudgha
  4686 | D:11     | Received a gift from Kikubaaqudgha
  4715 | D:11     | Identified the +8 chain mail of Enormous Brilliance {+Blink
                  | Dex+2 Slay+3}
  4759 | D:11     | Noticed a death yak
  4785 | D:11     | Killed a death yak
  4804 | D:11     | Reached skill level 5 in Spellcasting
  4890 | D:11     | Reached skill level 5 in Earth Magic
  4899 | D:11     | Learned a level 5 spell: Borgnjor's Vile Clutch
  4938 | D:11     | Found a staircase to the Lair.
  4957 | Lair:1   | Entered Level 1 of the Lair of Beasts
  5057 | Lair:2   | Reached skill level 10 in Necromancy
  5191 | Lair:2   | Found a dark tunnel.
  5201 | Volcano  | Entered a volcano
  5240 | Volcano  | Noticed a fire crab
  5260 | Volcano  | Killed a fire crab
  5261 | Volcano  | Reached XP level 12. HP: 80/103 MP: 6/20
  5311 | Volcano  | Reached **** piety under Kikubaaqudgha
  5427 | Lair:5   | Entered Level 5 of the Lair of Beasts
  5427 | Lair:5   | Noticed a seven-headed hydra
  5433 | Lair:5   | Killed a seven-headed hydra
  5455 | Lair:5   | Noticed a seven-headed hydra
  5463 | Lair:5   | Killed a seven-headed hydra
  5545 | Lair:5   | Noticed a catoblepas
  5585 | Lair:5   | Killed a catoblepas
  5597 | Lair:5   | Learned a level 6 spell: Death Channel
  5616 | Lair:5   | Noticed a death yak
  5635 | Lair:5   | Killed a death yak
  5742 | Lair:5   | Noticed a death yak
  5745 | Lair:5   | Noticed a death yak
  5745 | Lair:5   | Noticed a death yak
  5746 | Lair:5   | Noticed a death yak
  5746 | Lair:5   | Noticed a death yak
  5780 | Lair:5   | Killed a death yak
  5798 | Lair:5   | Killed a death yak
  5803 | Lair:5   | Killed a death yak
  5804 | Lair:5   | Reached skill level 11 in Necromancy
  5804 | Lair:5   | Killed a death yak
  5806 | Lair:5   | Killed a death yak
  5843 | Lair:5   | Found a runed translucent door.
  5845 | Lair:5   | Noticed Foxy's ghost (journeyman KoGl)
  5887 | Lair:5   | Reached ***** piety under Kikubaaqudgha
  5888 | Lair:5   | Reached XP level 13. HP: 59/110 MP: 26/26
  5893 | Lair:5   | Learned a level 4 spell: Anguish
  5917 | Lair:5   | Noticed a fire dragon
  5932 | Lair:5   | Killed a fire dragon
  6043 | Lair:5   | Reached skill level 12 in Necromancy
  6167 | Lair:4   | Reached skill level 10 in Spellcasting
  6417 | Lair:5   | Identified the +7 long sword of Fedhas's Felicitations
                  | {drain, rPois rCorr Str+3 Dex-2}
  6430 | Lair:5   | Found a staircase to the Slime Pits.
  6544 | Lair:3   | Upgraded the game from 0.30-a0-845-g7c6808c8ce to
                  | 0.30-a0-847-g17996783a1
  6582 | Lair:3   | Found a blossoming altar of Fedhas.
  6867 | Lair:1   | Reached skill level 13 in Necromancy
  6956 | D:12     | Found a gate leading to a gauntlet.
  6973 | Gauntlet | Entered a Gauntlet
  6973 | Gauntlet | Found a transporter.
  6973 | Gauntlet | Found a transporter.
  6984 | Gauntlet | Found the necklace of Bloodlust {Fury *Rage Will++ Int-3
                  | Slay+6}
  6984 | Gauntlet | Found a transporter.
  6987 | Gauntlet | Found a transporter.
  7008 | Gauntlet | Found a transporter.
  7009 | Gauntlet | Found the ring of the Mage {Wiz Archmagi}
  7018 | Gauntlet | Found a transporter.
  7034 | Gauntlet | Found a transporter.
  7034 | Gauntlet | Found a transporter.
  7051 | Gauntlet | Found a runed translucent gate.
  7051 | Gauntlet | Found a runed translucent gate.
  7051 | Gauntlet | Found a runed translucent gate.
  7056 | Gauntlet | Noticed a dire elephant
  7056 | Gauntlet | Found a transporter.
  7071 | Gauntlet | Identified the +0 cloak of Odaymna {rN+}
  7157 | Gauntlet | Noticed a minotaur
  7162 | Gauntlet | Killed a minotaur
  7249 | D:12     | Found Rang's Armour Emporium.
  7256 | D:12     | Bought a +1 barding for 360 gold pieces
  7299 | D:12     | Noticed Rupert
  7310 | D:12     | Killed Rupert
  7373 | D:12     | Reached ****** piety under Kikubaaqudgha
  7375 | D:13     | Noticed Nessos
  7375 | D:13     | Found a gate to the Vaults.
  7378 | D:12     | Received a gift from Kikubaaqudgha
  7495 | D:12     | Reached XP level 14. HP: 118/118 MP: 29/29
  7649 | D:12     | Reached skill level 14 in Necromancy
  7665 | D:12     | Identified the ring of Leqytuul {MP+9 Int+9}
  7739 | D:12     | Identified the +5 dagger of Luxury {heavy, rC+ rN++ Int-5}
  7748 | D:12     | Identified the +1 pair of boots "Folun" {MP-9 Str+3}
  8181 | D:12     | Identified a scroll of acquirement
  8182 | D:12     | Acquired a staff of death
  8201 | D:11     | Found a staircase to the Orcish Mines.
  8235 | Orc:1    | Entered Level 1 of the Orcish Mines
  8315 | Orc:1    | Noticed an orc warlord
  8334 | Orc:1    | Killed an orc warlord
  8428 | Orc:2    | Entered Level 2 of the Orcish Mines
  8431 | Orc:2    | Found a staircase to the Elven Halls.
  8574 | Orc:2    | Found a radiant altar of Vehumet.
  8574 | Orc:2    | Paralysed by an orc sorcerer for 4 turns
  8597 | Orc:2    | Found Qyciompo's Distillery.
  8609 | Orc:2    | Found an ancient bone altar of Kikubaaqudgha.
  8626 | Orc:2    | Found Abirghos's Jewellery Shop.
  8640 | Orc:2    | Found Ugenisao's Book Boutique.
  8652 | Orc:2    | Bought an Inescapable Atlas for 416 gold pieces
  8652 | Orc:2    | Bought a book of Cantrips for 156 gold pieces
  8654 | Orc:2    | Learned a level 1 spell: Apportation
  8662 | Orc:2    | Learned a level 2 spell: Blink
  8689 | Orc:2    | Found Siwo's Antique Armour Shop.
  8749 | Orc:2    | Reached skill level 1 in Translocations
  8796 | Orc:2    | Found Baobb's Antique Armour Shop.
  8972 | Orc:2    | Bought a potion of haste for 100 gold pieces
  8972 | Orc:2    | Bought a potion of heal wounds for 50 gold pieces
  8972 | Orc:2    | Bought a potion of heal wounds for 50 gold pieces
  8972 | Orc:2    | Bought a potion of invisibility for 80 gold pieces
  8972 | Orc:2    | Bought 2 potions of magic for 160 gold pieces
  8972 | Orc:2    | Bought a potion of curing for 30 gold pieces
  9158 | Lair:2   | Found a staircase to the Swamp.
  9187 | Swamp:1  | Entered Level 1 of the Swamp
  9187 | Swamp:1  | Identified Roxanne's Textbook on the Gestalt
  9187 | Swamp:1  | Noticed Roxanne
  9199 | Swamp:1  | Killed Roxanne
  9246 | Swamp:1  | Reached XP level 15. HP: 98/124 MP: 30/31
  9622 | Swamp:2  | You fall into a shaft and drop 1 floor!
  9663 | Swamp:4  | Entered Level 4 of the Swamp
  9708 | Swamp:4  | Learned a level 8 spell: Infestation
  9734 | Swamp:4  | Reached skill level 15 in Necromancy
  9775 | Swamp:4  | Noticed Nikola
  9781 | Swamp:4  | Killed Nikola
  9886 | Swamp:4  | Reached skill level 16 in Necromancy
  9911 | Swamp:4  | Noticed a tentacled monstrosity
  9915 | Swamp:4  | Killed a tentacled monstrosity
  9921 | Swamp:4  | Got a decaying rune of Zot
 10016 | Swamp:1  | Noticed Jorgrun
 10025 | Swamp:1  | Killed Jorgrun
 10156 | Lair:3   | Found a hole to the Spider Nest.
 10168 | Lair:3   | Reached XP level 16. HP: 82/132 MP: 24/34
 10211 | Spider:1 | Entered Level 1 of the Spider Nest
 10407 | Spider:3 | Reached skill level 17 in Necromancy
 10495 | Spider:4 | Entered Level 4 of the Spider Nest
 10584 | Spider:4 | Reached skill level 18 in Necromancy
 10619 | Spider:4 | Identified the +1 pair of gloves of Thoughtfulness
                  | {*Corrode Regen+ Dex-2 SInv}
 10627 | Spider:4 | Got a gossamer rune of Zot
 10791 | Slime:1  | Entered Level 1 of the Pits of Slime
 10803 | Slime:2  | Noticed an acid blob
 10809 | Slime:2  | Noticed an acid blob
 10810 | Slime:2  | Killed an acid blob
 10814 | Slime:2  | Killed an acid blob
 10834 | Slime:4  | Noticed an acid blob
 10834 | Slime:4  | Noticed an acid blob
 10841 | Slime:4  | Killed an acid blob
 10842 | Slime:4  | Reached skill level 15 in Spellcasting
 10842 | Slime:4  | Killed an acid blob
 10867 | Slime:4  | Noticed an acid blob
 10869 | Slime:4  | Killed an acid blob
 10873 | Slime:5  | Entered Level 5 of the Pits of Slime
 10889 | Slime:5  | Reached XP level 17. HP: 123/138 MP: 33/36
 10889 | Slime:5  | Noticed an acid blob
 10890 | Slime:5  | Killed an acid blob
 10891 | Slime:5  | Noticed an acid blob
 10893 | Slime:5  | Noticed an acid blob
 10894 | Slime:5  | Killed an acid blob
 10895 | Slime:5  | Killed an acid blob
 10896 | Slime:5  | Noticed an acid blob
 10901 | Slime:5  | Killed an acid blob
 10918 | Slime:5  | Noticed the Royal Jelly
 10922 | Slime:5  | Noticed an acid blob
 10925 | Slime:5  | Killed the Royal Jelly
 10930 | Slime:5  | Killed an acid blob
 10990 | Slime:5  | Noticed an acid blob
 10992 | Slime:5  | Killed an acid blob
 10993 | Slime:5  | Got a slimy rune of Zot
 10999 | Slime:5  | Identified the ring "Saeffod" {rPois Will- rCorr Int+7
                  | Dex-2}
 11111 | Slime:1  | Reached skill level 5 in Summonings
 11251 | D:11     | Learned a level 7 spell: Haunt
 11338 | Lair:5   | Killed Foxy's ghost
 11553 | Vaults:1 | Entered Level 1 of the Vaults
 11667 | Vaults:2 | Found a staircase to the Crypt.
 11691 | Vaults:2 | You fall into a shaft and drop 1 floor!
 11920 | Vaults:3 | Found Cexy's Assorted Antiques.
 11933 | Vaults:3 | Bought a scroll of amnesia for 116 gold pieces
 11933 | Vaults:3 | Bought a scroll of amnesia for 116 gold pieces
 11933 | Vaults:3 | Bought a scroll of butterflies for 116 gold pieces
 12072 | Vaults:3 | Reached XP level 18. HP: 114/146 MP: 30/38
 12085 | Vaults:3 | Noticed Boris
 12089 | Vaults:3 | Killed Boris
 12201 | Vaults:3 | Reached skill level 10 in Fighting
 12269 | Vaults:3 | Noticed Margery
 12285 | Vaults:3 | Killed Margery
 12709 | Vaults:4 | Identified the +1 mace of the Boar {elec, *Slow rElec rF+
                  | Str+2}
 12773 | Vaults:4 | Noticed Donald
 12777 | Vaults:4 | Killed Donald
 12811 | Vaults:4 | You fall into a shaft and drop 1 floor!
 12811 | Vaults:5 | Entered Level 5 of the Vaults
 12811 | Vaults:5 | Found Ovvem's Distillery.
 12817 | Vaults:5 | Bought a potion of brilliance for 52 gold pieces
 12817 | Vaults:5 | Bought 2 potions of heal wounds for 130 gold pieces
 12817 | Vaults:5 | Bought a potion of magic for 104 gold pieces
 12826 | Vaults:5 | Noticed a golden dragon
 12838 | Vaults:5 | Killed a golden dragon
 12839 | Vaults:5 | Reached skill level 19 in Necromancy
 12904 | Vaults:5 | Reached XP level 19. HP: 77/173 MP: 39/39
 12973 | Vaults:5 | Noticed a golden dragon
 12979 | Vaults:5 | Killed a golden dragon
 12986 | Vaults:5 | Acquired 601 gold pieces
 12993 | Vaults:5 | Noticed an ancient lich
 12994 | Vaults:5 | Reached skill level 20 in Necromancy
 12994 | Vaults:5 | Reached skill level 1 in Transmutations
 12999 | Vaults:5 | Killed an ancient lich
 13048 | Vaults:5 | Learned a level 4 spell: Passage of Golubria
 13248 | Vaults:5 | Got Eqorun's Grimoire of Decaying Creation
 13248 | Vaults:5 | Got a silver rune of Zot
 13329 | Vaults:5 | Noticed a dread lich
 13338 | Vaults:5 | Killed a dread lich
 13403 | Vaults:5 | Found Yruc's Distillery.
 13414 | Vaults:5 | Bought a potion of cancellation for 104 gold pieces
 13414 | Vaults:5 | Bought a potion of brilliance for 52 gold pieces
 13414 | Vaults:5 | Bought a potion of brilliance for 52 gold pieces
 13414 | Vaults:5 | Bought a potion of heal wounds for 65 gold pieces
 13436 | Vaults:5 | Found Niupn's Magic Scroll Emporium.
 13441 | Vaults:5 | Bought a scroll of blinking for 150 gold pieces
 13458 | Vaults:5 | Found Hus Epeq's Distillery.
 13462 | Vaults:5 | Bought a potion of haste for 150 gold pieces
 13462 | Vaults:5 | Bought a potion of cancellation for 120 gold pieces
 13462 | Vaults:5 | Bought a potion of cancellation for 120 gold pieces
 13462 | Vaults:5 | Bought a potion of lignification for 45 gold pieces
 13462 | Vaults:5 | Bought a potion of mutation for 120 gold pieces
 13474 | Vaults:5 | Bought a potion of magic for 104 gold pieces
 13718 | D:14     | Found a transporter.
 13721 | D:14     | Noticed Cofimnas's ghost (journeyman FoFi)
 13738 | D:14     | Reached skill level 5 in Transmutations
 13749 | D:14     | Killed Cofimnas's ghost
 13750 | D:14     | Reached XP level 20. HP: 82/181 MP: 26/42
 13759 | D:14     | Learned a level 8 spell: Necromutation
 13759 | D:14     | Found a transporter.
 13760 | D:14     | Identified the +0 cloak of Weightlessness {rF+ Int-3 Dex+3}
 13761 | D:14     | Identified the ring of Veodiysk {rPois AC+4 Int+4}
 13830 | D:14     | You fall into a shaft and drop 1 floor!
 13830 | D:15     | Entered Level 15 of the Dungeon
 13847 | D:15     | Found Barydeps's Assorted Antiques.
 13858 | D:15     | Found a huge runed gate.
 13858 | D:15     | Found a huge runed gate.
 13861 | D:15     | Found a huge runed gate.
 13861 | D:15     | Found a huge runed gate.
 13866 | D:15     | Found a huge runed gate.
 13867 | D:15     | Found a huge runed gate.
 13867 | D:15     | Found a huge runed gate.
 13867 | D:15     | Found a huge runed gate.
 13868 | D:15     | Found a huge runed gate.
 13868 | D:15     | Found a huge runed gate.
 13882 | D:15     | Found the +6 Majin-Bo {spellvamp, MP+6 Int+6}
 13882 | D:15     | Noticed Aqenwou's ghost (journeyman GrWn)
 13882 | D:15     | Noticed Aqenwou's ghost (journeyman GrWn)
 13882 | D:15     | Noticed Guh Rysug's ghost (journeyman DsGl)
 13882 | D:15     | Noticed Jumeycle's ghost (journeyman GrEE)
 13882 | D:15     | Noticed Keluf's ghost (journeyman GrFi)
 13882 | D:15     | Noticed Bialiabluu's ghost (adept GrEE)
 13882 | D:15     | Noticed Ceh Rif's ghost (adept HuWn)
 13882 | D:15     | Noticed Tunif's ghost (adept DEFE)
 13891 | D:15     | Paralysed by a floating eye for 4 turns
 13894 | D:15     | Gained mutation: You have hidden genetic defects.
                  | [mutagenic glow]
 13915 | D:15     | Killed Bialiabluu's ghost
 13919 | D:15     | Killed Tunif's ghost
 13927 | D:15     | Killed Guh Rysug's ghost
 13935 | D:15     | Killed Aqenwou's ghost
 13937 | D:15     | Killed Aqenwou's ghost
 13939 | D:15     | Killed Keluf's ghost
 13946 | D:15     | Killed Jumeycle's ghost
 13952 | D:15     | Killed Ceh Rif's ghost
 14057 | D:15     | Identified the +3 ring mail "Ysus" {rN++ Str+3 Dex+3}
 14138 | D:15     | Identified the +0 plate armour of Ignis's Fury {Fly Str+7}
 14247 | D:15     | Found a sparkling altar of Nemelex Xobeh.
 14316 | D:15     | Found Vorynis's Jewellery Boutique.
 14451 | D:15     | Noticed Louise
 14454 | Abyss:2  | Cast into level 2 of the Abyss (Louise)
 14596 | Abyss:3  | Got the Catalogue of Anemomancy
 14596 | Abyss:3  | Got the Catalogue of the Icicle
 14596 | Abyss:3  | Got the Enchiridion on Burning
 14596 | Abyss:3  | Got the Tractate on the Crypt
 14603 | Abyss:3  | Paralysed by an orc sorcerer for 2 turns
 14613 | Abyss:3  | Got Sif Muna's Volume of Conduction
 14617 | Abyss:3  | Got the Textbook on the Geodesic
 14621 | Abyss:3  | Gained mutation: You are occasionally teleported next to
                  | monsters. [hidden defects]
 14623 | Abyss:3  | Got Bufeupt's Quarto of the Volley
 14688 | Abyss:4  | Got an abyssal rune of Zot
 14727 | Abyss:4  | Found a corrupted altar of Lugonu.
 14735 | D:15     | Escaped the Abyss
 14740 | D:15     | Killed Louise
 14773 | D:15     | Found a staircase to the Depths.
 14831 | D:15     | Lost mutation: You have razor-sharp toenails. [potion of
                  | mutation]
 14831 | D:15     | Lost mutation: Your body sometimes deteriorates upon taking
                  | damage. [potion of mutation]
 14831 | D:15     | Lost mutation: You have hidden genetic defects. [potion of
                  | mutation]
 14831 | D:15     | Lost mutation: You expend magic power (3 MP) to strengthen
                  | your wands. [potion of mutation]
 14831 | D:15     | Lost mutation: You have sharp toenails. [potion of
                  | mutation]
 14831 | D:15     | Lost mutation: You are covered in fur. (AC +1) [potion of
                  | mutation]
 14831 | D:15     | Gained mutation: You have a pair of small horns on your
                  | head. [potion of mutation]
 14831 | D:15     | Gained mutation: You passively dampen the noise of your
                  | surroundings. [potion of mutation]
 14831 | D:15     | Gained mutation: Your tail ends in a venomous barb. [potion
                  | of mutation]
 14832 | D:15     | Lost mutation: You have a pair of small horns on your head.
                  | [potion of mutation]
 14832 | D:15     | Lost mutation: You passively dampen the noise of your
                  | surroundings. [potion of mutation]
 14832 | D:15     | Lost mutation: Your mind is acute. (Int +4, Str/Dex -1)
                  | [potion of mutation]
 14832 | D:15     | Lost mutation: You are occasionally teleported next to
                  | monsters. [potion of mutation]
 14832 | D:15     | Gained mutation: You are weak. (Str -2) [potion of
                  | mutation]
 14832 | D:15     | Gained mutation: Your body sometimes deteriorates upon
                  | taking damage. [potion of mutation]
 14832 | D:15     | Gained mutation: Your spells are a little harder to cast,
                  | but a little more powerful. [potion of mutation]
 14834 | Depths:1 | Entered Level 1 of the Depths
 14870 | Depths:1 | Reached skill level 10 in Transmutations
 15079 | Depths:2 | Noticed Boris
 15092 | Depths:2 | Killed Boris
 15341 | Depths:2 | Reached skill level 1 in Armour
 15376 | Depths:2 | Reached skill level 5 in Armour
 15408 | Depths:2 | Reached skill level 5 in Stealth
 15487 | Depths:2 | Reached XP level 21. HP: 184/188 MP: 31/43
 15578 | Depths:2 | Noticed a juggernaut
 15595 | Depths:2 | Killed a juggernaut
 15596 | Depths:2 | Reached skill level 10 in Armour
 15823 | Depths:2 | Found a one-way gate leading to the halls of Pandemonium.
 15949 | Depths:1 | Reached skill level 10 in Stealth
 16000 | Depths:3 | Reached skill level 5 in Translocations
 16020 | Depths:3 | Found a one-way gate to the infinite horrors of the Abyss.
 16052 | Depths:3 | Noticed a golden dragon
 16054 | Depths:3 | Killed a golden dragon
 16083 | Depths:4 | Entered Level 4 of the Depths
 16089 | Depths:4 | Reached skill level 21 in Necromancy
 16108 | Depths:4 | Reached skill level 1 in Ice Magic
 16145 | Depths:4 | Found a gate to the Realm of Zot.
 16188 | Depths:4 | Learned a level 6 spell: Simulacrum
 16214 | Depths:4 | Found a gateway to Hell.
 16305 | Depths:4 | Found Melecut's Antique Armour Boutique.
 16315 | Depths:4 | Bought a glowing helmet for 337 gold pieces
 16409 | Depths:3 | Noticed a golden dragon
 16409 | Depths:3 | Noticed a caustic shrike
 16412 | Depths:3 | Killed a golden dragon
 16413 | Depths:3 | Killed a caustic shrike
 16550 | Depths:3 | Noticed a golden dragon
 16576 | Depths:3 | Killed a golden dragon
 16577 | Depths:3 | Reached XP level 22. HP: 195/195 MP: 36/44
 16638 | Depths:3 | Identified the +1 chain mail "Ewoqaic" {rF+ rC+ Will+ MP+9}
 16665 | Depths:3 | Found a one-way gateway to a ziggurat.
 16798 | Zig:1    | Entered Level 1 of a ziggurat
 16817 | Zig:2    | Entered Level 2 of a ziggurat
 16818 | Zig:2    | Noticed a Killer Klown
 16829 | Zig:2    | Killed a Killer Klown
 16839 | Zig:3    | Entered Level 3 of a ziggurat
 16839 | Zig:3    | Noticed a juggernaut
 16847 | Zig:3    | Killed a juggernaut
 16871 | Zig:4    | Entered Level 4 of a ziggurat
 16917 | Zig:5    | Entered Level 5 of a ziggurat
 16925 | Zig:5    | Noticed Cuneci the pandemonium lord
 16937 | Zig:5    | Noticed a golden dragon
 16938 | Zig:5    | Killed Cuneci the pandemonium lord
 16990 | Zig:6    | Entered Level 6 of a ziggurat
 17023 | Zig:7    | Entered Level 7 of a ziggurat
 17027 | Zig:7    | Noticed a dread lich
 17029 | Zig:7    | Noticed an ancient lich
 17034 | Zig:7    | Killed an ancient lich
 17039 | Zig:7    | Killed a dread lich
 17054 | Zig:7    | Identified the +3 scale mail "Ijimet" {rC+}
 17057 | Zig:7    | Reached XP level 23. HP: 184/203 MP: 47/47
 17057 | Zig:7    | Reached XP level 24. HP: 191/211 MP: 47/47
 17062 | Zig:7    | Identified the +1 tower shield of Twilight {rElec rF-
                  | Int+7}
 17085 | Zig:8    | Entered Level 8 of a ziggurat
 17120 | Zig:8    | Identified the +4 pair of boots "Metotroi" {*Slow rCorr
                  | Str+2 Dex+2}
 17138 | Zig:9    | Entered Level 9 of a ziggurat
 17144 | Zig:9    | Noticed a juggernaut
 17149 | Zig:9    | Noticed a juggernaut
 17159 | Zig:9    | Killed a juggernaut
 17162 | Zig:9    | Killed a juggernaut
 17181 | Zig:9    | Identified the amulet of Pytoin {Spirit rC+ rCorr Stlth+}
 17215 | Zig:10   | Entered Level 10 of a ziggurat
 17232 | Zig:10   | Noticed an ancient lich
 17237 | Zig:10   | Noticed an ancient lich
 17240 | Zig:10   | Killed an ancient lich
 17242 | Zig:10   | Killed an ancient lich
 17250 | Zig:10   | Learned a level 6 spell: Iron Shot
 17265 | Zig:11   | Entered Level 11 of a ziggurat
 17284 | Zig:11   | Found the ring of the Tortoise {AC+8}
 17293 | Zig:11   | Found the +10 morningstar "Eos" {elec, Halo rElec}
 17308 | Zig:11   | Identified the +4 longbow of Eternal War {elec, rF+ Dex+4}
 17314 | Zig:11   | Identified the +2 war axe "Qopsich" {heavy, Will+}
 17316 | Zig:11   | Got the Codex of Nonlocality and Attendants
 17400 | Zig:12   | Entered Level 12 of a ziggurat
 17426 | Zig:12   | Identified the +0 robe of the Valley {Rampage *Corrode SInv
                  | Archmagi}
 17499 | Depths:2 | Learned a level 7 spell: Spellforged Servitor
 17530 | Pan      | Entered Pandemonium
 17794 | Pan      | Reached XP level 25. HP: 169/218 MP: 39/47
 17837 | Pan      | Noticed Erieseefo the pandemonium lord
 17848 | Pan      | Killed Erieseefo the pandemonium lord
 17849 | Pan      | Reached skill level 10 in Conjurations
 17896 | Pan      | Lost mutation: Your spells are a little harder to cast, but
                  | a little more powerful. [a neqoxec]
 17941 | Pan      | Got a demonic rune of Zot
 17967 | Pan      | Lost mutation: You are weak. (Str -2) [potion of mutation]
 17967 | Pan      | Lost mutation: Your tail ends in a venomous barb. [potion
                  | of mutation]
 17967 | Pan      | Lost mutation: Your body sometimes deteriorates upon taking
                  | damage. [potion of mutation]
 17967 | Pan      | Gained mutation: You have a pair of small horns on your
                  | head. [potion of mutation]
 17967 | Pan      | Gained mutation: You expend magic power (3 MP) to
                  | strengthen your wands. [potion of mutation]
 17967 | Pan      | Gained mutation: You are partially covered in iridescent
                  | scales. (AC +2) [potion of mutation]
 17968 | Pan      | Lost mutation: You have a pair of small horns on your head.
                  | [potion of mutation]
 17968 | Pan      | Lost mutation: You are partially covered in iridescent
                  | scales. (AC +2) [potion of mutation]
 17968 | Pan      | Lost mutation: You expend magic power (3 MP) to strengthen
                  | your wands. [potion of mutation]
 17968 | Pan      | Gained mutation: Your tail ends in a venomous barb. [potion
                  | of mutation]
 17968 | Pan      | Gained mutation: Your muscles are strong. (Str +4, Int/Dex
                  | -1) [potion of mutation]
 17968 | Pan      | Gained mutation: You have large cloven feet. [potion of
                  | mutation]
 17968 | Pan      | Gained mutation: You occasionally lose the ability to read
                  | scrolls when taking damage. [potion of mutation]
 17968 | Pan      | Gained mutation: Your body sometimes deteriorates upon
                  | taking damage. [potion of mutation]
 17968 | Pan      | Gained mutation: Your spells are a little harder to cast,
                  | but a little more powerful. [potion of mutation]
 17969 | Pan      | Lost mutation: Your spells are a little harder to cast, but
                  | a little more powerful. [potion of mutation]
 17969 | Pan      | Lost mutation: Your tail ends in a venomous barb. [potion
                  | of mutation]
 17969 | Pan      | Lost mutation: Your muscles are strong. (Str +4, Int/Dex
                  | -1) [potion of mutation]
 17969 | Pan      | Lost mutation: You occasionally lose the ability to read
                  | scrolls when taking damage. [potion of mutation]
 17969 | Pan      | Gained mutation: Your tail ends in a venomous barb. [potion
                  | of mutation]
 17969 | Pan      | Gained mutation: You are frail. (-10% HP) [potion of
                  | mutation]
 17969 | Pan      | Gained mutation: Your muscles are strong. (Str +4, Int/Dex
                  | -1) [potion of mutation]
 17970 | Pan      | Lost mutation: Your muscles are strong. (Str +4, Int/Dex
                  | -1) [potion of mutation]
 17970 | Pan      | Lost mutation: Your tail ends in a venomous barb. [potion
                  | of mutation]
 17970 | Pan      | Lost mutation: You have large cloven feet. [potion of
                  | mutation]
 17970 | Pan      | Lost mutation: You are frail. (-10% HP) [potion of
                  | mutation]
 17970 | Pan      | Gained mutation: Your flesh is heat resistant. (rF+)
                  | [potion of mutation]
 17970 | Pan      | Gained mutation: Your body often deteriorates upon taking
                  | damage. [potion of mutation]
 17970 | Pan      | Gained mutation: Your system is resistant to poisons.
                  | (rPois) [potion of mutation]
 18073 | Pan      | Found a transporter.
 18174 | Pan      | Entered the realm of Mnoleg.
 18272 | Pan      | Reached skill level 10 in Summonings
 18308 | Pan      | Paralysed by a floating eye for 4 turns
 18336 | Pan      | Noticed Mnoleg
 18348 | Pan      | Killed Mnoleg
 18433 | Pan      | Identified the amulet of Baik {Reflect Contam Harm Drain
                  | rCorr SH+5}
 18459 | Pan      | Got a glowing rune of Zot
 18529 | Pan      | Entered the realm of Lom Lobon.
 18825 | Pan      | Noticed Lom Lobon
 18876 | Pan      | Killed Lom Lobon
 18887 | Pan      | Got a magical rune of Zot
 18919 | Pan      | Entered the realm of Cerebov.
 19000 | Pan      | Identified the +3 morningstar of the Teaching Gods {drain,
                  | rC+ Will- MP-9 Dex+8}
 19000 | Pan      | Identified the quicksilver dragon scales of the Valley of
                  | Death {rN+ Will+ SInv}
 19125 | Pan      | Found the +6 sword of Cerebov {flame}
 19125 | Pan      | Noticed Cerebov
 19150 | Pan      | Got a fiery rune of Zot
 19302 | Pan      | Noticed Pofawn the pandemonium lord
 19307 | Pan      | Killed Pofawn the pandemonium lord
 19358 | Pan      | Noticed Mennas
 19455 | Pan      | Entered the realm of Gloorx Vloq.
 19484 | Pan      | Found the +6 sword of Cerebov {flame}
 19484 | Pan      | Noticed Cerebov
 19526 | Pan      | Found an exit through the horrors of the Abyss.
 19578 | Pan      | Reached skill level 15 in Armour
 19606 | Pan      | Reached skill level 1 in Evocations
 19624 | Pan      | Noticed Gloorx Vloq
 19632 | Pan      | Killed Gloorx Vloq
 19635 | Pan      | Reached XP level 26. HP: 195/226 MP: 0/47
 19638 | Pan      | Reached skill level 5 in Evocations
 19656 | Pan      | Got a dark rune of Zot
 19738 | Pan      | Took an exit into the Abyss.
 19738 | Abyss:4  | Escaped into the Abyss
 19743 | Abyss:4  | Noticed an ancient lich
 19793 | Abyss:4  | Found a corrupted altar of Lugonu.
 19811 | Abyss:5  | Found a bloodstained altar of Trog.
 19852 | Abyss:5  | Found a corrupted altar of Lugonu.
 19875 | Depths:2 | Escaped the Abyss
 19876 | Depths:2 | Upgraded the game from 0.30-a0-847-g17996783a1 to
                  | 0.30-a0-852-g08b95dd62f
 20046 | Crypt:1  | Entered Level 1 of the Crypt
 20070 | Crypt:1  | Found a magical portal.
 20079 | WizLab   | Entered Maxwell's Workshop
 20178 | Crypt:3  | Entered Level 3 of the Crypt
 20218 | Crypt:3  | Found a staircase to the Tomb.
 20231 | Tomb:1   | Entered Level 1 of the Tomb of the Ancients
 20248 | Tomb:1   | Noticed a royal mummy
 20251 | Tomb:1   | Noticed Khufu
 20252 | Tomb:1   | Noticed a royal mummy
 20254 | Tomb:1   | Killed a royal mummy
 20265 | Tomb:1   | Killed Khufu
 20266 | Tomb:1   | Killed a royal mummy
 20502 | Tomb:2   | Noticed a royal mummy
 20502 | Tomb:2   | Noticed a royal mummy
 20502 | Tomb:2   | Noticed a royal mummy
 20502 | Tomb:2   | Noticed a royal mummy
 20532 | Tomb:2   | Killed a royal mummy
 20536 | Tomb:2   | Killed a royal mummy
 20537 | Tomb:2   | Killed a royal mummy
 20539 | Tomb:2   | Killed a royal mummy
 20549 | Tomb:2   | HP: 11/233 [ushabti/dispel undead (32)]
 20549 | Tomb:2   | Killed from afar by an ushabti

Illustrated notes

Levels and vault maps discovered:
D:1:      lemuel_arrival_funnel, layout_basic, minmay_pentomino_z2
D:2:      minmay_angry_zag, layout_rooms, serial_shops, shop_fountains
D:3:      layout_loops_ring, grunt_nemelex_the_gamble,
          nicolae_ecumenical_lake_church, kennysheep_minor_cross
D:4:      nicolae_BIG_FREAKIN_CUBE, layout_loops_ring, enter_ossuary_4,
          nicolae_figureground_sparkle
D:5:      layout_basic, marbit_many_paths, corexii_leaking_fountain,
          uniq_blork_the_orc, uniq_edmund
D:6:      layout_cave_pools, minmay_three_doors
D:7:      layout_cave_pods, lemuel_coloured_pillars_altar, minitemple,
          minmay_temple_entry_arrows, enter_bailey_6, ebering_ghost_gozag,
          grunt_tough_drop
D:8:      layout_rooms, nicolae_qazlal_general_emergency,
          eat_drink_and_be_merry_uskayaw, serial_shops, nicolae_shop_crystal,
          nicolae_shop_advertising_works [nicolae_subvault_shop_adworks],
          nicolae_lakefront_shop, kennysheep_little_box, uniq_maurice
D:9:      minmay_clustersquares, layout_stronghold, nicolae_gozag_seed_capital,
          serial_rivers, chequers_serial_rivers_large_b,
          chequers_serial_rivers_micro_e, chequers_serial_rivers_micro_e,
          chequers_serial_rivers_micro_e
D:10:     kennysheep_blocky_hall, layout_small_grid, minivault_16,
          minmay_shop_damaged, bh_walls_and_bars
D:11:     layout_cave_pools, david_lair_generic,
          kennysheep_orc_monster_closet_entryway, uniq_lodul, uniq_grum
D:12:     minmay_the_grid_triangle_9x9_rhombus_full
          [minmay_the_grid_triangle_9x9_wacky_v,
          minmay_the_grid_triangle_9x9_alien,
          minmay_the_grid_triangle_9x9_empty,
          minmay_the_grid_triangle_9x9_minimal,
          minmay_the_grid_triangle_9x9_steps,
          minmay_the_grid_triangle_9x9_sprig,
          minmay_the_grid_triangle_9x9_impossible_snake,
          minmay_the_grid_triangle_9x9_prize_insulated], layout_stronghold,
          serial_shops, shop, gauntlet_entry_generic, uniq_rupert
D:13:     layout_long_grid, david_vaults_3, serial_ice, serial_ice_o,
          serial_ice_d, serial_ice_n, serial_ice_m, serial_ice_k, serial_ice_h,
          kennysheep_donut
D:14:     lemuel_ice_spiral_2, layout_stronghold, nicolae_water_bricks,
          portal_ice_cave_entry_frozen_things, gammafunk_ghost_berserking_beasts
D:15:     grunt_enter_depths_snipers, layout_loops_ring,
          gammafunk_ghost_door_vault, serial_shops,
          nicolae_shop_temple_entry_statues_fountains, nicolae_shop_crystal,
          nemelex_diamond_rough_becter, minivault_16, uniq_louise
Temple:   minmay_temple_forest_path
Lair:1:   layout_chaotic_city, serial_bayou_pond_d, serial_bayou_shore_a
Lair:2:   layout_hall_layers, nicolae_swamp_entry_splash_gauntlet,
          nicolae_volcano_entry_batcave
Lair:3:   layout_hall_layers, spider_nest_entry_funnel_web, basic_altar
Lair:4:   layout_roguey [special_room_bee], infiniplex_staircase_pool_2,
          grunt_megastairs_3, lemuel_fruit_tree
Lair:5:   guppyfry_lair_end_dragon, layout_cave_pods, wormcave, slime_entry_1,
          gammafunk_ghost_grave, serial_bayou_shore_b
Swamp:1:  layout_basic_swamp, nicolae_swamp_tree_isthmus, uniq_jorgrun,
          uniq_roxanne
Swamp:2:  nicolae_swamp_secret_spriggan_hideout, layout_basic_swamp,
          evilmike_swamp_ruin_wall, swamp_pool2
Swamp:3:  layout_falls_marsh, nicolae_swamp_round_clearing,
          nicolae_swamp_tree_designs
Swamp:4:  swamp_vile, layout_basic_swamp, ebering_ghost_disaster_area,
          swamp_pool4, uniq_nikola
Spider:1: layout_spider_delve, hangedman_spider_tarantella_strand
Spider:2: layout_spider_delve
Spider:3: layout_spider_delve
Spider:4: grunt_spider_rune_circles
Slime:1:  cheibrodos_slime_lost_civilization_10, layout_caves
Slime:2:  nicolae_slime_jelly_donut, layout_caves
Slime:3:  layout_caves
Slime:4:  layout_caves, special_room [special_room_jelly],
          cheibrodos_slime_lost_civilization_5
Slime:5
Orc:1:    lemuel_ogre_cave, layout_caves, special_room [special_room_orc],
          mines2_lemuel
Orc:2:    kennysheep_orc_mage_school, layout_diamond_mine, serial_shops,
          nicolae_shop_stone, uniq_erolcha
Vaults:1: v_misc_22, hangedman_vaults_hat, vaults_room_hallway,
          vaults_standard_mumra_lines, vaults_room_glass_cross,
          hangedman_vaults_stream, v_alt_pattern_5, vaults_mumra_minichess,
          vaults_standard_mumra_enter_the_diamond, grunt_vaults_bifocal,
          nicolae_vaults_shelves_hall, grunt_vaults_focal,
          layout_vaults_omnicross
Vaults:2: v_misc_13, ontoclasm_vaults_tryst, grunt_vaults_funnel,
          vaults_room_fancy_cross, v_misc_5, v_misc_27,
          ontoclasm_vaults_shuriken, ontoclasm_vaults_chip,
          layout_vaults_omnigrid, dummy_crypt_entry
Vaults:3: vaults_room_grunt_arrival_ludios, nicolae_vaults_fighting_squares,
          vaults_dpeg_diagonal, v_pattern_2, hangedman_vaults_impose,
          nicolae_vaults_stairing_the_circle, vaults_room_stairs_pillars,
          ontoclasm_vaults_twist, nicolae_vaults_border_crossing,
          grunt_vaults_hallway_short, vaults_dpeg_emergency_exit,
          layout_vaults_big_room, serial_shops, nicolae_shop_crystal,
          uniq_margery, uniq_boris
Vaults:4: nicolae_vaults_diagonal_hallway_7, nicolae_vaults_inception_scallops,
          hangedman_vaults_river_flow, vaults_mumra_chevron_long,
          vaults_room_semicircle, vaults_room_semicircle, vaults_room_door_hall,
          v_misc_33, st_cross, nicolae_vaults_theta,
          hangedman_vaults_stretched_pinwheel, grunt_vaults_hallway_long,
          layout_vaults_maze_snakey, uniq_donald
Vaults:5
Crypt:1:  layout_chaotic_city, mu_enter_wizlab_3, minmay_strange_pillars
Crypt:2:  cheibrodos_crypt_draghalla, layout_misc_corridors
Crypt:3:  church_of_pain_bobbens, layout_chaotic_city, minivault_24,
          st_stairs_9, serial_sigils_hangedman_shear, st_small_mortuary
Tomb:1:   uniq_khufu
Tomb:2
Depths:1: layout_gridlike, minmay_misc_feat_four_crosses, serial_shops,
          bzr_firewalk, lightli_too_deep, grunt_ministairs_10,
          kennysheep_small_circle, grunt_megastairs_5, firewood_loft,
          minmay_shop_grove
Depths:2: kennysheep_snake, layout_basic, grunt_decor_arrowhead, pan_entry,
          hell_entry, infiniplex_staircase_spiral, grunt_megastairs_4
Depths:3: cheibrodos_leafed_vault, layout_gridlike, enter_ziggurat_c,
          hell_entry, minmay_holes, pan_entry,
          nicolae_abyss_entry_one_way_or_another,
          infiniplex_staircase_pool_lava, serial_bayou_shore_b,
          serial_bayou_shore_b
Depths:4: evilmike_zot_entry_basic, layout_gridville, hellmouth_3, serial_shops,
          shop, abyss_entry, serial_bayou_shore_b

Skill      XL: |  1  2  3  4  5  6  7  8  9 10 11 12 13 14 15 16 17 18 19 20 21 22 23 24 25 26 |
---------------+-------------------------------------------------------------------------------+-----
Earth Magic    | 3 4 6 |  6.0
Air Magic      | 2 3 |  3.0
Poison Magic   | 2 3 |  3.0
Conjurations   | 3 4 5 9 13 | 13.0
Spellcasting   | 3 4 5 9 11 12 14 15 16 18 20 | 20.5
Fighting       | 4 6 12 14 | 14.5
Shields        | 4 |  4.0
Dodging        | 3 |  3.0
Maces & Flails | 4 |  4.0
Necromancy     | 3 8 10 11 13 14 16 18 19 20 21 | 21.4
Translocations | 4 5 |  5.5
Summonings     | 8 11 | 11.0
Transmutations | 5 10 12 | 12.0
Armour         | 7 12 15 | 15.0
Stealth        | 5 10 | 10.0
Ice Magic      | 4 |  4.0
Evocations     | 4 8 |  8.0

Action                     |  1- 3 |  4- 6 |  7- 9 | 10-12 | 13-15 | 16-18 | 19-21 | 22-24 | 25-27 || total
---------------------------+-------+-------+-------+-------+-------+-------+-------+-------+-------++-------
  Melee: Unarmed           |     9 |       |     6 |       |       |       |       |       |       ||    15
         Tailslap          |     3 |    15 |    40 |    43 |    22 |     3 |     5 |       |     2 ||   133
         Dagger            |    23 |       |       |    17 |       |       |       |       |       ||    40
         Punch             |     1 |     1 |     1 |       |       |       |       |       |       ||     3
         Staff             |    17 |   105 |    16 |     4 |    30 |     4 |    14 |     3 |     6 ||   199
         Kick              |       |    35 |    84 |    91 |    29 |       |       |       |       ||   239
         Flail             |       |       |    67 |       |       |       |       |       |       ||    67
         Whip              |       |       |   174 |   225 |    63 |     8 |     5 |       |       ||   475
         Long sword        |       |       |       |       |    24 |     1 |       |       |       ||    25
  Throw: Dart              |     4 |       |     6 |    12 |     7 |     3 |       |       |       ||    32
         Boomerang         |       |     4 |    11 |     3 |     1 |       |       |       |       ||    19
         Throwing net      |       |       |       |     2 |     2 |     4 |       |       |       ||     8
   Cast: Sandblast         |    41 |    33 |    65 |    21 |     9 |       |       |       |       ||   169
         Poisonous Vapours |     5 |     4 |    25 |    25 |     1 |       |       |       |       ||    60
         Passwall          |     2 |       |     5 |     2 |     6 |       |    16 |     3 |    11 ||    45
         Stone Arrow       |       |       |    10 |    32 |    60 |    14 |       |       |       ||   116
         Mephitic Cloud    |       |       |    24 |    33 |     3 |     2 |       |       |       ||    62
         Sublimation of Bl |       |       |       |   125 |   185 |   104 |   224 |    92 |   182 ||   912
         Vampiric Draining |       |       |       |    12 |     3 |       |       |       |       ||    15
         Borgnjor's Vile C |       |       |       |    63 |   234 |    99 |   155 |    56 |   107 ||   714
         Death Channel     |       |       |       |     5 |    42 |    26 |    30 |     9 |    20 ||   132
         Apportation       |       |       |       |       |    16 |    63 |    95 |    62 |    20 ||   256
         Infestation       |       |       |       |       |    12 |    73 |   123 |    18 |    61 ||   287
         Haunt             |       |       |       |       |       |    15 |    46 |    13 |    34 ||   108
         Passage of Golubr |       |       |       |       |       |       |   145 |    30 |   169 ||   344
         Anguish           |       |       |       |       |       |       |     2 |       |       ||     2
         Necromutation     |       |       |       |       |       |       |     2 |    18 |    26 ||    46
         Simulacrum        |       |       |       |       |       |       |     6 |    45 |    70 ||   121
         Spellforged Servi |       |       |       |       |       |       |       |       |    15 ||    15
         Iron Shot         |       |       |       |       |       |       |       |       |     5 ||     5
 Invoke: Receive Forbidden |       |       |       |       |     1 |       |       |       |       ||     1
         Unearth Wretches  |       |       |       |       |       |    12 |    16 |    14 |     9 ||    51
Ability: End Transformatio |       |       |       |       |       |       |     2 |    18 |    24 ||    44
  Evoke: Wand              |       |    10 |     2 |       |     7 |       |     2 |     3 |       ||    24
         Piece from Xom's  |       |       |       |     4 |       |       |       |       |       ||     4
         Box of beasts     |       |       |       |     2 |       |     1 |       |       |       ||     3
         Lightning rod     |       |       |       |       |     4 |     1 |       |       |       ||     5
         Phantom mirror    |       |       |       |       |     2 |     1 |       |       |     1 ||     4
         Condenser vane    |       |       |       |       |       |     2 |     2 |     1 |     3 ||     8
         Tin of tremorston |       |       |       |       |       |     1 |       |       |     1 ||     2
    Use: Scroll            |    10 |       |     7 |     6 |    14 |     9 |    12 |    10 |    20 ||    88
         Potion            |       |     3 |     7 |     5 |     2 |    11 |     5 |     2 |    35 ||    70
   Stab: Sleeping          |     1 |     3 |       |     1 |       |       |       |       |       ||     5
         Confused          |       |       |    21 |    13 |       |       |       |       |       ||    34
         Invisible         |       |       |       |     3 |       |       |       |       |       ||     3
         Distracted        |       |       |       |       |     1 |       |       |       |       ||     1
         Paralysed         |       |       |       |       |       |     1 |     4 |     2 |     2 ||     9
 Armour: Robe              |    54 |    62 |   111 |    56 |       |       |    97 |    46 |   222 ||   648
         Skin              |       |       |     3 |       |       |       |       |       |   132 ||   135
         Troll leather arm |       |       |       |   150 |   368 |   228 |     4 |       |       ||   750
  Dodge: Dodged            |    64 |    54 |   144 |   177 |   191 |   103 |    42 |    16 |    92 ||   883
  Block: Buckler           |       |       |   127 |    77 |   103 |    51 |    26 |    16 |   126 ||   526
         Reflection        |       |       |     3 |       |       |       |       |       |       ||     3

Table legend: (Time is in decaauts)
 A = Elapsed time spent in this place.
 B = Non-inter-level travel time spent in this place.
 C = Inter-level travel time spent in this place.
 D = Time resting spent in this place.
 E = Time spent auto-exploring this place.
 F = Levels seen in this place.
 G = Mean time per level.
                   A        B        C        D        E       F      G
               +--------+--------+--------+--------+--------+-----+--------+
         Total |  20732 |  19532 |   1200 |    210 |      0 |  86 |  241.1 |
       Dungeon |   6207 |   5819 |    388 |     69 |      0 |  15 |  413.8 |
        Temple |    125 |    110 |     15 |      0 |      0 |   1 |  125.0 |
          Lair |   2418 |   2029 |    389 |     14 |      0 |   5 |  483.6 |
         Swamp |    899 |    867 |     32 |      0 |      0 |   4 |  224.8 |
   Spider Nest |    529 |    508 |     21 |      0 |      0 |   4 |  132.2 |
    Slime Pits |    330 |    326 |      4 |      0 |      0 |   5 |   66.0 |
  Orcish Mines |    790 |    654 |    136 |      0 |      0 |   2 |  395.0 |
        Vaults |   2130 |   1918 |    212 |     15 |      0 |   5 |  426.0 |
         Crypt |    180 |    180 |      0 |      0 |      0 |   3 |   60.0 |
          Tomb |    340 |    340 |      0 |      0 |      0 |   2 |  170.0 |
        Depths |   2134 |   2131 |      3 |      0 |      0 |   4 |  533.5 |
         Abyss |    419 |    419 |      0 |      0 |      0 |   5 |   83.8 |
   Pandemonium |   2209 |   2209 |      0 |      0 |      0 |  14 |  157.8 |
      Ziggurat |    643 |    643 |      0 |     39 |      0 |  12 |   53.6 |
       Ossuary |    371 |    371 |      0 |      0 |      0 |   1 |  371.0 |
        Bailey |    642 |    642 |      0 |     36 |      0 |   1 |  642.0 |
       Volcano |    158 |    158 |      0 |      0 |      0 |   1 |  158.0 |
        Wizlab |      3 |      3 |      0 |      0 |      0 |   1 |    3.0 |
      Gauntlet |    195 |    195 |      0 |     37 |      0 |   1 |  195.0 |
               +--------+--------+--------+--------+--------+-----+--------+

Top non-repeatable levels by time:
    D:12: 1144 daAuts
Vaults:3: 1014 daAuts
Depths:2: 1003 daAuts
  Lair:5: 904 daAuts
    D:15: 769 daAuts
Vaults:5: 673 daAuts
  Bailey: 642 daAuts
     D:5: 637 daAuts
Depths:3: 599 daAuts
    D:11: 586 daAuts
   Orc:2: 563 daAuts
  Lair:2: 525 daAuts
     D:8: 425 daAuts
     D:4: 413 daAuts
  Lair:4: 406 daAuts
